 Dungeon Crawl Stone Soup version 0.31-a0-263-ge8cad7f256 (webtiles) character file.

Game seed: 4978351565458559885

14 cforsyth the Changeling (level 2, -2/24 HPs)
             Began as a Meteoran Shapeshifter on July 13, 2023.
             Slain by Natasha (7 damage)
             ... on level 2 of the Dungeon.
             The game lasted 00:02:10 (406 turns).

cforsyth the Changeling (Meteoran Shapeshifter)      Turns: 406, Time: 00:02:11

Health: -2/24      AC:  2    Str: 16    XL:     2   Next: 82%
Magic:  3/3        EV: 12    Int:  9    God:
Gold:   31         SH:  0    Dex: 14    Spells: 1/1 levels left

rFire   . .          .
                       - Unarmed
rCold   . . .        (no shield)
rNeg    . . .        a - +0 animal skin
rPois   .            (helmet currently unavailable)
rElec   .            (cloak currently unavailable)
rCorr   .            (gloves currently unavailable)
SInv    .            (boots currently unavailable)
Will    .....        (no amulet)
Stlth   +            (no ring)
HPRegen 0.24/turn    (no ring)
MPRegen 0.08/turn

%: no passive effects
@: beast-form, slowed, glowing, very slow
A: beast (slay +2), sense surroundings 1, otherworldly, glowing, explore regen
a: Begin Untransformation


You were on level 2 of the Dungeon.
You were a hulking beast.
You visited 1 branch of the dungeon, and saw 2 of its levels.

You collected 31 gold pieces.

Inventory:

Armour
 a - a +0 animal skin (worn)
Talismans
 c - a beast talisman
Scrolls
 d - a scroll of fog {unknown}
 e - a scroll of fear {unknown}
 h - a scroll of revelation {unknown}
 i - a scroll of enchant weapon {unknown}
Potions
 b - a potion of lignification
 f - a potion of curing {unknown}
 g - a potion of magic {unknown}
 j - a potion of invisibility {unknown}


   Skills:
 - Level 2.2 Fighting
 - Level 2.4 Dodging
 + Level 3.1 Unarmed Combat
 + Level 4.0 Shapeshifting


You had one spell level left.
You didn't know any spells.
Your spell library was empty.

Dungeon Overview and Level Annotations

Branches:
Dungeon (2/15) Zot: 791

Altars:

Annotations:
D:2 Natasha


Innate Abilities, Weirdness & Mutations

You are a hulking beast.
Your limbs bulge with bestial killing power. (Slay +2)
You passively map a small area around you.
You are easily found by Zot.
You glow in the dark.
You regain HP and MP as you explore.


Message History

A ball python is nearby!
Found a fizzy puce potion.
The ball python misses you. The ball python grabs you.
The ball python constricts you.
You hit the ball python.
The ball python is severely wounded.
The ball python bites you. The ball python constricts you.
You punch the ball python!
You kill the ball python!
j - a fizzy puce potion You see here a ball python corpse.
Found 6 gold pieces.
Found a purple potion.
Found 10 gold pieces.
An endoplasm comes into view.
The endoplasm quivers.
Natasha, Servant of Life and Death comes into view.
Natasha hisses angrily.
Natasha howls an incantation.
Natasha shimmers violently.
Natasha stares at you and mumbles some strange words.
You feel yourself slow down.
Found a leather armour.
Natasha wildly gestures.
Natasha shimmers violently.
The endoplasm freezes you.
You are frozen.
The endoplasm closely misses you.
You see here a purple potion.
You hit Natasha.
Natasha is lightly wounded.
Natasha claws you. The endoplasm closely misses you.
You hit Natasha but do no damage. Natasha closely misses you.
The endoplasm hits you. Natasha claws you!
You hit Natasha but do no damage. The endoplasm hits you.
* * * LOW HITPOINT WARNING * * *
Natasha closely misses you. The endoplasm hits you.
* * * LOW HITPOINT WARNING * * *
You hit Natasha.
Natasha is moderately wounded.
Natasha claws you!
You die...

.....### , , < .......#
,* #.# , .......# #####
..### * ....†.<#
#..$######..... ,
.......###...#..........
....#...##...#.........[
, ,
...###...#...#..........
##..,##......#.J........
, * ###
*#......#..hh...#* , ,
###............# * ,
#.............#
#...♣♣♣............ #..♣
♣♣..........., #..♣
♣♣...$...... , #..♣***
,♣♣......... , #.♣ , *
♣♣........ , #. * ,,,
....... , ,


You could see Natasha and an endoplasm.

Vanquished Creatures
  A ball python (D:2)
  3 endoplasms (D:1)
  A giant cockroach (D:1)
  3 goblins (D:1)
  A bat (D:1)
  A frilled lizard (D:1)
  3 rats (D:1)
13 creatures vanquished.

Notes
Turn   | Place    | Note
-------+----------+-------------------------------------------
     0 | D:1      | cforsyth the Meteoran Shapeshifter began the quest for the
                  | Orb.
     0 | D:1      | Reached XP level 1. HP: 17/17 MP: 2/2
   189 | D:1      | Reached XP level 2. HP: 20/24 MP: 3/3
   356 | D:1      | Reached skill level 4 in Shapeshifting
   400 | D:2      | Noticed Natasha
   406 | D:2      | Slain by Natasha

Illustrated notes

Levels and vault maps discovered:
D:1:      minmay_arrival_shoal_huts, layout_loops_ring
D:2:      layout_rooms, dilly_ecumenical_altar_fadedgnrine, uniq_natasha

Skill      XL: |  1  2 |
---------------+-------+-----
Unarmed Combat | 3 |  3.1
Shapeshifting  | 4 |  4.0
Fighting       | |  2.2
Dodging        | |  2.4

Action                     || total
---------------------------++-------
  Melee: Unarmed           ||    51
 Armour: Animal skin       ||    11
  Dodge: Dodged            ||    28

Table legend: (Time is in decaauts)
 A = Elapsed time spent in this place.
 B = Non-inter-level travel time spent in this place.
 C = Inter-level travel time spent in this place.
 D = Time resting spent in this place.
 E = Time spent auto-exploring this place.
 F = Levels seen in this place.
 G = Mean time per level.
                   A        B        C        D        E       F      G
               +--------+--------+--------+--------+--------+-----+--------+
         Total |    406 |    396 |     10 |      0 |     27 |   2 |  203.0 |
       Dungeon |    406 |    396 |     10 |      0 |     27 |   2 |  203.0 |
               +--------+--------+--------+--------+--------+-----+--------+

Top non-repeatable levels by time:
     D:1: 370 daAuts
     D:2: 35 daAuts
